cohdb
Replays
Latest Replays
All Replays
Popular Replays
Top Player Replays
Match Explorer
How It Works
Community
CoH3 Stats
Reddit
Sign in to upload your games and track your stats! →
Sign in with Steam
First game new Patch good opponents
Match 19523761
Overview
Messages
Build Orders
End
Royal Engineer Section
Construct Section Command Post
Dingo Light Scout Car
Dingo Light Scout Car
Selects Heavy Armor Battlegroup
Selects Rigorous Vehicle Training
Construct Platoon Command Post
Unlock M3 Stuart Light Tanks
Royal Engineer Section
M3 Stuart Light Tank
Light Vehicle Training
Infantry Section
M3 Stuart Light Tank
Infantry Section
M3 Stuart Light Tank
Selects Crusader AA Medium Tank
Crusader AA Medium Tank
Royal Engineer Section
Infantry Section
Infantry Section
Selects Churchill IV Heavy Tank
Selects Light Vehicle Withdraw and Refit
Infantry Section
AI Takeover
Mr.Howe
Rommels Zirkus
?
Alpenwell
0
0
Comments
sign in to comment!
No comments posted yet!